 Dungeon Sprint DCSS version 0.26-a0-1222-g14533b3512 (webtiles) character file.

Game seed: 13204411512902251298

52048 reriks the Acrobat (level 14, -15/134 HPs)
             Began as a Merfolk Berserker on Dec 31, 2020.
             Was the Champion of Trog.
             Killed from afar by a frost giant (33 damage)
             ... with a bolt of cold
             ... in the Dungeon (Sprint II: "The Violet Keep of Menkaure").
             The game lasted 00:18:58 (6822 turns).

reriks the Acrobat (Merfolk Berserker)              Turns: 6822, Time: 00:18:59

Health: -15/134    AC: 25    Str: 22    XL:     14   Next: 62%
Magic:  0/14       EV: 23    Int: 10    God:    Trog [******]
Gold:   2394       SH:  0    Dex: 13    Spells: 13/13 levels left

rFire    + + .     SeeInvis +   F - +12 glaive "Louluotwown" {flame, +Blink +Inv rPois rC+ Will-}
rCold    . . .     Faith    .   (shield currently unavailable)
rNeg     . . .     Spirit   +   j - +5 plate armour {rF+}
rPois    +         Reflect  .   m - +0 hat {Int+3}
rElec    +         Harm     .   I - +0 cloak
rCorr    .         Rampage  .   D - +0 pair of gloves
Will     .....     NoTele   +   (boots currently unavailable)
Stlth    ..........             k - amulet of guardian spirit
HPRegen  0.32/turn              C - ring of see invisible
MPRegen  0.14/turn              E - ring of Fetsuih {Fire +Inv rElec SInv}

@: mighty, berserk cooldown, hasted and slowed, very quick
A: change form in water, swift swim, stealthy swim, blurry vision 1
a: Renounce Religion, Evoke Blink, Evoke Invisibility, Berserk, Trog's Hand,
Brothers in Arms


You were in the Dungeon.
You worshipped Trog.
Trog was exalted by your worship.
You visited 1 branch You collected 3231 gold pieces.
You spent 837 gold pieces at shops.

Inventory:

Hand Weapons
 a - the +11 halberd of Sin {antimagic, Str+2 Int+3, unknown}
   (You found it in the Dungeon)

   It reduces the magical energy of the wielder, and disrupts the spells and
   magical abilities of those hit.
   Natural abilities and divine invocations are not affected.
   It affects your strength (+2).
   It affects your intelligence (+3).
 n - a +3 antimagic halberd
 r - a +2 glaive of flaming
 z - a +3 bardiche of flaming
 F - the +12 glaive "Louluotwown" (weapon) {flame, +Blink +Inv rPois rC+ Will-}
   (You found it in the Dungeon)

   It has been specially enchanted to burn those struck by it, causing extra
   injury to most foes and up to half again as much damage against particularly
   susceptible opponents.
   Big, fiery blades are also staple armaments of hydra-hunters.
   It protects you from cold.
   It protects you from poison.
   It affects your willpower, your defense against some magical effects.
   It lets you turn invisible.
   It lets you blink.
Missiles
 l - 11 javelins (quivered)
Armour
 b - a +0 animal skin
 j - a +5 plate armour of fire resistance (worn)
 m - a +0 hat of intelligence (worn)
 y - a +0 pair of boots (melded)
 D - a +0 pair of gloves (worn)
 I - a +0 cloak (worn)
Jewellery
 k - an amulet of guardian spirit (around neck)
 u - an uncursed ring of resist corrosion
 C - a ring of see invisible (left hand)
 E - the ring of Fetsuih (right hand) {Fire +Inv rElec SInv}
   (You found it in the Dungeon)

   [ring of fire]

   It enhances your fire magic.
   It protects you from fire.
   It makes you vulnerable to cold.
   It insulates you from electricity.
   It lets you see invisible.
   It lets you turn invisible.
Wands
 i - a wand of random effects (13)
Scrolls
 h - 3 scrolls of blinking
 p - 2 scrolls of amnesia
 t - 3 scrolls of remove curse
 B - a scroll of enchant weapon
Potions
 e - 3 potions of haste
 f - 24 potions of magic
 g - a potion of berserk rage
 o - 6 potions of flight
 q - a potion of might
 s - 3 potions of resistance
 v - 2 potions of lignification
 w - a potion of ambrosia
 x - a potion of brilliance
 A - a potion of degeneration


   Skills:
 + Level 19.9 Fighting
 - Level 20.0 Polearms
 + Level 16.2 Armour
 - Level 23.9 Dodging


You had 13 spell levels left.
You didn't know any spells.
Your spell library was empty.

Dungeon Overview and Level Annotations

Branches:
Dungeon (1/1)

Altars:
Cheibriados
Dithmenos
Elyvilon
Fedhas
Gozag
Hepliaklqana
Kikubaaqudgha
Makhleb
Nemelex Xobeh
Okawaru
Qazlal
Ru
Sif Muna
Trog
Uskayaw
Vehumet
Wu Jian
Xom
Yredelemnul
Zin
The Shining One
Beogh
Jiyva
Lugonu

Shops:
D [=:[(=}:(:}?[!!!:

Annotations:
D exclusion: orange crystal statue, Lernaean hydra


Innate Abilities, Weirdness & Mutations

You revert to your normal form in water.
You are very nimble and swift while swimming.
You are very stealthy in the water. (Stealth+)
Scrolls take you a little longer to read.


Message History

The bolt of cold misses you.
You feel much better.
You are engulfed in freezing vapours.
* * * LOW HITPOINT WARNING * * *
The golden dragon bites you but does no damage.
The golden dragon barely misses you.
The golden dragon tramples you but does no damage.
The frost giant barely misses you.
You feel very mighty all of a sudden.
You are engulfed in freezing vapours.
* * * LOW HITPOINT WARNING * * *
The golden dragon bites you!
* * * LOW HITPOINT WARNING * * *
The golden dragon claws you but does no damage.
The golden dragon tramples you.
* * * LOW HITPOINT WARNING * * *
You hold your ground!
You feel better.
You are engulfed in freezing vapours.
The frost giant points at you and mumbles some strange words.
The bolt of cold hits you!!
You die...

####+#### ##≈§§≈≈≈≈##
##≈≈§§§§≈§≈# ###
+§§≈§§8≈§§§§
##Yc@####≈§≈≈≈§§§≈#
2.$Kcz.e## §§≈§§§#
############C≈#+++#+++##
###########@D≈.........#
##∩.......#(≈≈≈.##'##..#
##.∩.....∩#≈≈≈≈##.#.##.####
##∩.∩.....#≈≈≈≈#..#..#....#
##.∩.∩.∩.∩#≈≈####.#.####..##
##..∩.∩.∩.#≈##.###'###.##..#
##...∩.∩..#≈#...##.##.###..#
##....⌠...'≈'.##'.<.'##.').#
##........#≈#...##.##.((#.(.


You could see a golden dragon, a frost giant and a deep elf high priest.

Vanquished Creatures
  Nikola (D)
  A hellephant (D)
  A deep elf blademaster (D)
  Gastronok (D)
  Kirke (D)
  A kraken (D)
  A storm dragon (D)
  Roxanne (D)
  A cacodemon (D)
  A draconian shifter (D)
  A dire elephant (D)
  A yaktaur captain (D)
  A great orb of eyes (D)
  2 boulder beetles (D)
  A centaur warrior (D)
  A death yak (D)
  Sonja (D)
  A slime creature (D)
  3 sixfirhies (D)
  A glowing orange brain (D)
  A skeletal warrior (D)
  2 deep trolls (D)
  A harpy (D)
  An oklob plant (D)
  3 orc sorcerers (D)
  2 toenail golems (D)
  An eye of devastation (D)
  An elephant (D)
  2 cane toads (D)
  A yaktaur (D)
  A kobold demonologist (D)
  3 polar bears (D)
  A blink frog (D)
  A hornet (D)
  18 flying skulls (D)
  4 neqoxecs (D)
  Menkaure (D)
  3 water moccasins (D)
  4 necrophages (D)
  9 electric eels (D)
  4 lava snakes (D)
  A jelly (D)
  3 worms (D)
  4 tentacles (D)
95 creatures vanquished.

Vanquished Creatures (others)
  A water moccasin (D)
  7 tentacles (D)
8 creatures vanquished.

Grand Total: 103 creatures vanquished

Notes
Turn   | Place    | Note
-------+----------+-------------------------------------------
     0 | D        | reriks the Merfolk Berserker began the quest for the Orb.
     0 | D        | Reached XP level 1. HP: 18/18 MP: 1/1
     1 | D        | Noticed a boulder beetle
     1 | D        | Noticed a boulder beetle
    13 | D        | Reached skill level 5 in Polearms
    13 | D        | Reached skill level 3 in Dodging
    17 | D        | Reached XP level 2. HP: 25/25 MP: 2/2
    18 | D        | Reached ** piety under Trog
    19 | D        | Reached skill level 4 in Dodging
    26 | D        | Killed a water moccasin
   184 | D        | Noticed a necrophage
   184 | D        | Noticed a necrophage
   184 | D        | Noticed a necrophage
   184 | D        | Noticed a necrophage
   191 | D        | Killed a necrophage
   192 | D        | Reached skill level 5 in Fighting
   192 | D        | Reached skill level 7 in Dodging
   192 | D        | Reached XP level 3. HP: 33/33 MP: 3/3
   192 | D        | Reached XP level 4. HP: 39/39 MP: 4/4
   194 | D        | Killed a necrophage
   195 | D        | Reached skill level 10 in Polearms
   195 | D        | Reached skill level 8 in Dodging
   195 | D        | Reached XP level 5. HP: 46/46 MP: 5/5
   199 | D        | Killed a necrophage
   200 | D        | Reached skill level 9 in Dodging
   200 | D        | Reached XP level 6. HP: 49/53 MP: 6/6
   205 | D        | Killed a necrophage
   205 | D        | Reached *** piety under Trog
   206 | D        | Reached skill level 10 in Dodging
   314 | D        | Noticed a neqoxec
   314 | D        | Noticed a neqoxec
   314 | D        | Noticed a neqoxec
   314 | D        | Noticed a neqoxec
   325 | D        | Killed a neqoxec
   326 | D        | Reached skill level 11 in Dodging
   326 | D        | Reached XP level 7. HP: 60/60 MP: 7/7
   331 | D        | Killed a neqoxec
   332 | D        | Reached skill level 5 in Armour
   346 | D        | Killed a neqoxec
   346 | D        | Reached **** piety under Trog
   347 | D        | Reached skill level 12 in Dodging
   351 | D        | Killed a neqoxec
   352 | D        | Reached XP level 8. HP: 69/69 MP: 8/8
   449 | D        | Found Cewkuza's Magic Scroll Shop.
   449 | D        | Found Poxkoewoko's Antique Armour Shop.
   449 | D        | Found Daephaja's Book Boutique.
   449 | D        | Found Inoymnob's Distillery.
   449 | D        | Found Zoc Awapri's Gadget Boutique.
   450 | D        | Found Vote's Weapon Boutique.
   450 | D        | Found Annelior's Book Shop.
   450 | D        | Found Gyuz's Distillery.
   451 | D        | Found Jikum's Gadget Shop.
   451 | D        | Found Anegoam's Jewellery Boutique.
   452 | D        | Noticed a cane toad
   453 | D        | Found Kaexiul's Antique Weapon Boutique.
   453 | D        | Found Nesilopu's Antique Armour Shop.
   453 | D        | Noticed Menkaure
   453 | D        | Noticed a cane toad
   453 | D        | Noticed an oklob plant
   474 | D        | Killed Menkaure
   475 | D        | Reached skill level 13 in Dodging
   620 | D        | Noticed a blink frog
   625 | D        | Killed a blink frog
   687 | D        | Noticed a death yak
   688 | D        | Found Tuoxueco's Jewellery Shop.
   688 | D        | Found Keobink's Armour Boutique.
   688 | D        | Found Qighali's Book Shoppe.
   699 | D        | Noticed a slime creature
   699 | D        | Noticed a slime creature
   708 | D        | Bought a runed plate armour for 650 gold pieces
   914 | D        | Reached ***** piety under Trog
  1359 | D        | Found an iron altar of Okawaru.
  1359 | D        | Found an opulent altar of Gozag.
  1360 | D        | Found a sparkling altar of Nemelex Xobeh.
  1360 | D        | Found a blossoming altar of Fedhas.
  1361 | D        | Found a radiant altar of Vehumet.
  1361 | D        | Found a burning altar of Makhleb.
  1361 | D        | Found a white marble altar of Elyvilon.
  1362 | D        | Found a hide-covered altar of Uskayaw.
  1362 | D        | Found a corrupted altar of Lugonu.
  1362 | D        | Found a shadowy altar of Dithmenos.
  1363 | D        | Found a glowing silver altar of Zin.
  1363 | D        | Found a bloodstained altar of Trog.
  1363 | D        | Found an ancient bone altar of Kikubaaqudgha.
  1364 | D        | Noticed a polar bear
  1365 | D        | Noticed a polar bear
  1366 | D        | Noticed a hornet
  1397 | D        | Killed a polar bear
  1398 | D        | Reached skill level 15 in Polearms
  1398 | D        | Reached skill level 14 in Dodging
  1406 | D        | Killed a polar bear
  1407 | D        | Reached XP level 9. HP: 58/77 MP: 9/9
  1585 | D        | Noticed a yaktaur
  1596 | D        | Paralysed by a hornet for 3 turns
  1602 | D        | Killed a hornet
  1606 | D        | Killed a yaktaur
  1870 | D        | Noticed a polar bear
  1890 | D        | Killed a polar bear
  1891 | D        | Reached skill level 10 in Fighting
  1891 | D        | Reached skill level 15 in Dodging
  2150 | D        | Found a basalt altar of Yredelemnul.
  2150 | D        | Found a shimmering blue altar of Sif Muna.
  2150 | D        | Found a viscous altar of Jiyva.
  2151 | D        | Found a shimmering altar of Xom.
  2151 | D        | Found a sacrificial altar of Ru.
  2152 | D        | Found a glowing golden altar of the Shining One.
  2152 | D        | Found an ornate altar of the Wu Jian Council.
  2152 | D        | Found a stormy altar of Qazlal.
  2160 | D        | Noticed a kraken
  2421 | D        | Found a hazy altar of Hepliaklqana.
  2421 | D        | Found a snail-covered altar of Cheibriados.
  2422 | D        | Found a roughly hewn altar of Beogh.
  2533 | D        | Noticed a deep troll
  2536 | D        | Noticed a deep troll
  2563 | D        | Killed a deep troll
  2563 | D        | Reached ****** piety under Trog
  2564 | D        | Reached skill level 16 in Dodging
  2571 | D        | Killed a deep troll
  2571 | D        | Received a gift from Trog
  2572 | D        | Reached XP level 10. HP: 86/86 MP: 7/10
  2693 | D        | Noticed Roxanne
  2697 | D        | Noticed a sixfirhy
  2700 | D        | Noticed a sixfirhy
  2719 | D        | Killed Roxanne
  2720 | D        | Reached skill level 17 in Dodging
  2721 | D        | Noticed a sixfirhy
  2751 | D        | Found Udiedudd's Book Shoppe.
  2752 | D        | Found Onuilik's Distillery.
  2773 | D        | Killed a sixfirhy
  2781 | D        | Killed a sixfirhy
  2782 | D        | Reached skill level 18 in Dodging
  2784 | D        | Killed a sixfirhy
  2784 | D        | Received a gift from Trog
  2785 | D        | Reached XP level 11. HP: 95/95 MP: 7/11
  2899 | D        | Noticed Gastronok
  2906 | D        | Killed Gastronok
  2907 | D        | Reached skill level 19 in Dodging
  2954 | D        | Noticed a dire elephant
  2954 | D        | Noticed an orc sorcerer
  2954 | D        | Noticed an orc sorcerer
  2954 | D        | Noticed an orc sorcerer
  2964 | D        | Killed a dire elephant
  2969 | D        | Killed an orc sorcerer
  2974 | D        | Killed an orc sorcerer
  2981 | D        | Killed an orc sorcerer
  2981 | D        | Received a gift from Trog
  3063 | D        | Identified the Reference Book on Toxic Black Magic
  3091 | D        | Got a scintillating platinum ring
  3107 | D        | Got a translucent glaive
  3108 | D        | Identified the +12 glaive "Louluotwown" {flame, +Blink +Inv
                  | rPois rC+ Will-} (You found it in the Dungeon)
  3109 | D        | Identified the ring of Fetsuih {Fire +Inv rElec SInv} (You
                  | found it in the Dungeon)
  3123 | D        | Got a dazzling halberd
  3132 | D        | Reached skill level 20 in Dodging
  3147 | D        | Received a gift from Trog
  3224 | D        | Reached skill level 10 in Armour
  3500 | D        | Received a gift from Trog
  3671 | D        | Noticed a deep elf blademaster
  3686 | D        | Killed a deep elf blademaster
  3687 | D        | Reached XP level 12. HP: 100/108 MP: 12/12
  4268 | D        | Reached skill level 21 in Dodging
  4532 | D        | Noticed a green draconian shifter
  4532 | D        | Noticed a hellephant
  4532 | D        | Noticed Sonja
  4543 | D        | Killed a hellephant
  4544 | D        | Reached skill level 15 in Fighting
  4556 | D        | Killed a green draconian shifter
  4556 | D        | Received a gift from Trog
  4563 | D        | Killed Sonja
  4564 | D        | Reached skill level 22 in Dodging
  4679 | D        | Killed a kraken
  4872 | D        | Killed a boulder beetle
  4873 | D        | Killed a boulder beetle
  5030 | D        | Reached XP level 13. HP: 104/120 MP: 10/13
  5043 | D        | Received a gift from Trog
  5406 | D        | Reached skill level 23 in Dodging
  5406 | D        | Reached XP level 14. HP: 123/124 MP: 14/14
  5415 | D        | Noticed the 27-headed Lernaean hydra
  5945 | D        | Noticed Nikola
  5956 | D        | Killed Nikola
  5956 | D        | Received a gift from Trog
  5957 | D        | Reached skill level 15 in Armour
  6728 | D        | Bought a pair of gloves for 112 gold pieces
  6739 | D        | Bought a scroll of enchant armour for 75 gold pieces
  6750 | D        | Noticed Kirke
  6750 | D        | Noticed a cacodemon
  6769 | D        | Killed Kirke
  6769 | D        | Received a gift from Trog
  6771 | D        | Gained mutation: Scrolls take you a little longer to read.
                  | [a cacodemon]
  6773 | D        | Killed a cacodemon
  6799 | D        | Noticed a storm dragon
  6808 | D        | Killed a storm dragon
  6808 | D        | Noticed a golden dragon
  6815 | D        | Noticed a frost giant
  6822 | D        | Killed from afar by a frost giant

Illustrated notes

Levels and vault maps discovered:
D:        the_violet_keep_of_menkaure [sprint2_stairs_cluster_1,
          sprint2_shoproom, sprint2_temple, sprint2_basic_supplies,
          sprint2_obstacle_5, sprint2_obstacle_6, sprint2_obstacle_4,
          sprint2_obstacle_1, sprint2_obstacle_7, sprint2_timed_cluster_1,
          sprint2_smallroom_cluster_1, sprint2_smallroom_final_cluster_1,
          sprint2_transparent_cluster_1, sprint2_second_timed_cluster_1,
          sprint2_sniper_area_1, sprint2_heavy_combat_area_1,
          sprint2_mutation_trap_area_1, sprint2_forest_area_1,
          sprint2_light_combat_area_1, sprint2_behind_water_1,
          sprint2_near_end_vault_1]

Skill      XL: |  1  2  3  4  5  6  7  8  9 10 11 12 13 14 |
---------------+-------------------------------------------+-----
Polearms       | 5 8 10 12 13 15 17 19 20 | 20.0
Dodging        | 3 7 8 9 11 12 14 16 18 20 22 23 | 23.9
Fighting       | 5 6 7 8 9 10 12 14 17 19 | 19.9
Armour         | 2 3 4 5 6 7 8 11 14 16 | 16.2

Action                   |  1- 3 |  4- 6 |  7- 9 | 10-12 | 13-15 || total
-------------------------+-------+-------+-------+-------+-------++-------
Melee: Spear             |    19 |    24 |   170 |       |       ||   213
       Tailslap          |       |       |     9 |     5 |     5 ||    19
       Glaive            |       |       |       |   184 |    89 ||   273
Invok: Berserk           |     2 |     1 |     9 |     6 |     4 ||    22
       Trog's Hand       |       |       |       |     2 |     2 ||     4
  Use: Scroll            |       |       |     6 |     7 |     4 ||    17
       Potion            |       |       |       |     1 |     7 ||     8
Armor: Plate armour      |       |       |    31 |    37 |    33 ||   101
Dodge: Dodged            |     2 |     4 |    65 |    51 |    71 ||   193

Table legend: (Time is in decaauts)
 A = Elapsed time spent in this place.
 B = Non-inter-level travel time spent in this place.
 C = Inter-level travel time spent in this place.
 D = Time resting spent in this place.
 E = Time spent auto-exploring this place.
 F = Levels seen in this place.
 G = Mean time per level.
                   A        B        C        D        E       F      G
               +--------+--------+--------+--------+--------+-----+--------+
         Total |   6806 |   6796 |     10 |   5517 |    100 |   1 | 6806.0 |
       Dungeon |   6806 |   6796 |     10 |   5517 |    100 |   1 | 6806.0 |
               +--------+--------+--------+--------+--------+-----+--------+

Top non-repeatable levels by time:
       D: 6806 daAuts
